Map: Habitation Station LE (Void)

Players

Neeb

  • Race: Protoss Protoss
  • Spawn Location: 11:00

Scarlett - Winner!

  • Race: Zerg Zerg
  • Spawn Location: 1:00

Event: NationWars IV

VOD

https://youtu.be/vh7mOElLj2M

Description

Time

  • Played on: Jan. 7, 2017, 1 p.m.
  • Length: 8:41

All games in this series

Show
View Real Time Build Order
Export as new Build Order

Neeb Protoss 

Build Orders:  

Get SALT Encoding   

  12  0:01  Probe (Chrono Boost)  
  13  0:11  Probe (Chrono Boost)  
  14  0:18  Pylon  
  14  0:22  Probe (Chrono Boost)  
  15  0:37  Probe (Chrono Boost)  
  15  0:39  Gateway  
  16  0:47  Probe (Chrono Boost)  
  16  0:49  Pylon  
  17  0:55  Assimilator  
  17  0:58  Probe (Chrono Boost)  
  18  1:08  Probe (Chrono Boost)  
  19  1:14  Pylon  
  19  1:23  Zealot  
  19  1:29  Gateway  
  21  1:35  Cybernetics Core  
  21  1:45  Pylon  
  22  1:47  Probe (Chrono Boost)  
  22  1:50  Zealot  
  24  2:00  Probe (Chrono Boost)  
  25  2:12  Probe (Chrono Boost)  
  25  2:14  Adept  
  26  2:18  Adept  
  30  2:25  Warp Gate  
  30  2:31  Pylon  
  30  2:54  Nexus  
  30  3:01  Assimilator  
  30  3:05  Mothership Core (Chrono Boost)  
  32  3:14  Adept  
  34  3:24  Probe (Chrono Boost)  
  35  3:35  Adept  
  35  3:36  Probe (Chrono Boost)  
  38  3:45  Pylon  
  38  3:48  Probe (Chrono Boost)  
  39  3:54  Stargate  
  39  4:00  Probe (Chrono Boost)  
  38  4:07  Probe (Chrono Boost)  
  39  4:11  Probe (Chrono Boost)  
  40  4:17  Probe (Chrono Boost)  
  40  4:22  Probe (Chrono Boost)  
  40  4:27  Assimilator  
  40  4:28  Probe (Chrono Boost)  
  40  4:29  Sentry  
  43  4:32  Probe (Chrono Boost), Assimilator  
  43  4:36  Oracle  
  45  4:38  Probe (Chrono Boost)  
  45  4:44  Probe (Chrono Boost)  
  49  4:48  Pylon  
  49  4:49  Probe (Chrono Boost)  
  50  4:56  Probe (Chrono Boost)  
  50  4:59  Probe (Chrono Boost)  
  52  5:04  Sentry  
  52  5:05  Stalker  
  57  5:08  Probe (Chrono Boost)  
  57  5:10  Probe (Chrono Boost)  
  58  5:17  Void Ray  
  58  5:19  Pylon  
  58  5:20  Probe (Chrono Boost)  
  58  5:21  Probe (Chrono Boost)  
  64  5:31  Probe (Chrono Boost)  
  64  5:33  Probe (Chrono Boost)  
  66  5:41  Probe (Chrono Boost)  
  67  5:45  Probe (Chrono Boost)  
  68  5:52  Probe (Chrono Boost)  
  68  5:56  Nexus  
  69  5:57  Pylon  
  69  5:58  Stargate  
  69  6:07  Adept x2  
  73  6:16  Fleet Beacon  
  73  6:18  Probe (Chrono Boost)  
  75  6:19  Probe (Chrono Boost)  
  75  6:28  Probe (Chrono Boost)  
  75  6:31  Probe (Chrono Boost)  
  77  6:39  Probe (Chrono Boost), Assimilator  
  78  6:40  Pylon  
  78  6:43  Probe (Chrono Boost)  
  78  6:44  Assimilator  
  79  6:49  Probe (Chrono Boost)  
  79  6:50  Carrier  
  79  6:51  Pylon  
  81  6:55  Probe (Chrono Boost)  
  81  7:00  Probe (Chrono Boost)  
  82  7:01  Carrier  
  95  7:09  Probe (Chrono Boost)  
  95  7:13  Robotics Facility  
  95  7:14  Probe (Chrono Boost)  
  95  7:15  Probe (Chrono Boost)  
  97  7:20  Adept  
  99  7:25  Pylon  
  99  7:32  Sentry  
  101  7:37  Pylon  
  107  7:57  Pylon  
  107  7:59  Pylon  
  107  8:01  Pylon  
  99  8:14  Adept, Sentry  
Show
View Real Time Build Order
Export as new Build Order

Scarlett Zerg - Winner!

Build Orders: Pool First 

Get SALT Encoding   

  12  0:00  Drone  
  13  0:12  Overlord  
  13  0:17  Drone  
  14  0:31  Drone  
  14  0:32  Drone  
  14  0:35  Drone  
  17  0:56  Extractor, Drone  
  17  0:59  Spawning Pool  
  16  1:18  Hatchery  
  15  1:19  Drone  
  15  1:22  Drone  
  17  1:27  Drone  
  18  1:47  Zergling x2  
  18  1:53  Hatchery  
  18  1:57  Drone  
  19  2:06  Queen  
  22  2:16  Metabolic Boost  
  22  2:18  Overlord  
  22  2:22  Extractor  
  22  2:26  Drone  
  22  2:38  Drone x2  
  22  2:42  Queen  
  26  2:48  Zergling x2  
  27  2:52  Zergling x2  
  28  3:02  Zergling x2  
  28  3:04  Hatchery  
  28  3:07  Zergling x2  
  29  3:16  Overlord  
  29  3:17  Drone x2  
  29  3:18  Drone x2  
  33  3:28  Zergling x2  
  33  3:29  Zergling x2  
  35  3:35  Queen  
  35  3:39  Zergling x4  
  39  3:49  Zergling x2  
  39  3:50  Zergling x6  
  42  3:58  Baneling Nest  
  38  4:03  Overlord  
  38  4:06  Zergling x2  
  38  4:07  Zergling x4  
  41  4:22  Drone x5  
  46  4:27  Drone x2  
  46  4:29  Evolution Chamber  
  46  4:30  Drone  
  48  4:32  Drone  
  48  4:37  Drone x2  
  51  4:45  Drone x3  
  53  4:48  Overlord  
  53  4:52  Overlord  
  54  4:56  Zerg Melee Weapons Level 1  
  54  5:00  Drone  
  54  5:03  Drone  
  54  5:04  Drone x2  
  57  5:15  Roach Warren, Drone x4  
  60  5:25  Drone  
  60  5:26  Drone x4  
  65  5:29  Extractor, Overlord  
  61  5:37  Drone x5  
  62  5:50  Drone x6  
  62  5:54  Spore Crawler  
  65  5:58  Spore Crawler x2  
  65  6:02  Queen  
  65  6:08  Roach x2  
  69  6:14  Overlord x2  
  69  6:21  Overlord x2  
  69  6:22  Queen  
  71  6:25  Queen  
  71  6:29  Overlord  
  73  6:37  Overlord  
  73  6:43  Queen  
  73  6:45  Roach  
  73  6:46  Roach x3  
  83  6:49  Overlord  
  83  6:58  Queen  
  83  6:59  Roach x3  
  83  7:00  Roach  
  93  7:01  Queen  
  95  7:09  Baneling Nest  
  94  7:16  Ravager x2  
  94  7:17  Ravager x4  
  94  7:18  Zergling x6, Roach x3  
  94  7:19  Zergling x6  
  112  7:27  Overlord, Queen  
  112  7:29  Zergling x6  
  117  7:34  Zergling x8  
  121  7:38  Overlord  
  121  7:50  Zergling x2  
  121  7:51  Zergling x12  
  128  7:53  Baneling x3  
  128  7:54  Baneling x4  
  128  7:58  Zergling x4  
  128  7:59  Zergling x6  
Tags
 
Add a new tag
Caveats
  • Supply blocks, unpowered buildings, or Contaminate may cause inaccurate times.
  • Supply counts are checked every 10 seconds.